[Event "TIPC 2006"]
[Site "Charleroi BEL"]
[Date "2006.08.01"]
[Round "5"]
[White "Guebel, Yves"]
[Black "Schuermans, Robert"]
[Result "0-1"]
[ECO "C63"]
[WhiteElo "1978"]
[BlackElo "2251"]
[PlyCount "106"]
[TimeControl "40/7200:3600"]

1. e4 e5 2. Nf3 Nc6 3. Bb5 f5 4. Nc3 fxe4 5. Nxe4 d5 6.
Nxe5 dxe4 7. Nxc6 Qd5 8. c4 Qd6 9. Nxa7+ Bd7 10. Bxd7+ Qxd7 11. Qh5+ g6 12.
Qe5+ Kf7 13. Nb5 c6 14. Qd4 Qe7 15. Nc3 Nf6 16. O-O Bg7 17. Qe3 Rhd8 18. Re1
Re8 19. Qf4 Kg8 20. d3 Qb4 21. Bd2 exd3 22. Rab1 Rxe1+ 23. Bxe1 Re8 24. Ne4 Qe7
25. Nxf6+ Bxf6 26. Bd2 Bxb2 27. g3 Bg7 28. Be3 Rd8 29. c5 Qd7 30. Rd1 Qd5 31.
Qc7 Rd7 32. Qa5 Qf3 33. Qa4 Qd5 34. a3 h5 35. Qb4 Kh7 36. h4 Qf5 37. a4 Bf8 38.
a5 Qf3 39. Rd2 Qd5 40. Qa3 Qc4 41. Kh2 Bg7 42. Rd1 Be5 43. Kg1 Qe4 44. Qc1 Qf3
45. Qd2 Bc3 46. Qc1 Bxa5 47. Bd2 Bc7 48. Be1 Be5 49. Rd2 Bd4 50. Kh2 Qf5 51.
Qc4 Bxc5 52. Ra2 Qf7 53. Qa4 d2 0-1

[Event "TIPC 2006"]
[Site "Charleroi BEL"]
[Date "2006.08.01"]
[Round "5"]
[White "Camus, Béranger"]
[Black "Minet, Julien"]
[Result "1/2-1/2"]
[ECO "D36"]
[WhiteElo "2135"]
[BlackElo "1927"]
[PlyCount "90"]
[TimeControl "40/7200:3600"]

1. d4 d5 2. c4 e6 3. Nc3 Nf6 4. Bg5 Be7 5. Nf3 O-O 6. e3
Nbd7 7. cxd5 exd5 8. Bd3 c6 9. Qc2 Re8 10. O-O Nf8 11. Ne5 Ng4 12. Bxe7 Qxe7
13. Nxg4 Bxg4 14. Rae1 Bh5 15. f4 f6 16. a3 Qd6 17. Qf2 Rad8 18. Qh4 Bf7 19.
Rf3 Bg6 20. f5 Bf7 21. Rg3 Kh8 22. Ne2 Re7 23. Qg4 Bg8 24. Nf4 Rdd7 25. Nh5 b6
26. b4 Rc7 27. Rc1 Rcd7 28. Qh4 Rc7 29. Rh3 c5 30. bxc5 bxc5 31. Rxc5 Rxc5 32.
dxc5 Qxc5 33. Qd4 Rc7 34. Rg3 Qxd4 35. exd4 Rc3 36. Be2 Rxg3 37. hxg3 Nd7 38.
Nf4 Nb6 39. Kf2 Bf7 40. Bd3 Kg8 41. Ke3 Kf8 42. Kd2 Ke7 43. Kc3 a5 44. Ne2 Be8
45. Nc1 Ba4 1/2-1/2

[Event "TIPC 2006"]
[Site "Charleroi BEL"]
[Date "2006.08.01"]
[Round "5"]
[White "Hoffmeister, Frank"]
[Black "Maraite, Grégory"]
[Result "1-0"]
[ECO "B52"]
[WhiteElo "2114"]
[BlackElo "1775"]
[PlyCount "43"]
[TimeControl "40/7200:3600"]

1. e4 c5 2. Nf3 d6 3. Bb5+ Bd7 4. Bxd7+ Qxd7 5. O-O Nc6 6.
c3 d5 7. e5 d4 8. d3 e6 9. c4 f5 10. exf6 Nxf6 11. Re1 O-O-O 12. Bf4 Bd6 13.
Ne5 Nxe5 14. Bxe5 h5 15. h3 Rde8 16. Nd2 h4 17. Nf3 Qc7 18. Qa4 a6 19. b4 Rh5
20. Bxf6 Rf8 21. bxc5 Rxf6 22. Qe8+ 1-0

[Event "TIPC 2006"]
[Site "Charleroi BEL"]
[Date "2006.08.01"]
[Round "5"]
[White "Herpigny, Yves"]
[Black "Parys, Pierre"]
[Result "0-1"]
[ECO "C41"]
[WhiteElo "1745"]
[BlackElo "2000"]
[PlyCount "54"]
[TimeControl "40/7200:3600"]

1. e4 e5 2. Nf3 d6 3. d4 f5 4. Bc4 exd4 5. Qxd4 Nc6 6. Qd5
Qe7 7. Ng5 Ne5 8. Bb3 Nf6 9. Qd1 h6 10. Nf3 fxe4 11. Nxe5 Qxe5 12. Nc3 Bg4 13.
Qd2 O-O-O 14. Nd5 c6 15. Ne3 d5 16. Nxg4 Nxg4 17. Qf4 Qxf4 18. Bxf4 Bc5 19. Bg3
Rhf8 20. Rf1 Bd6 21. h3 Nf6 22. Bxd6 Rxd6 23. c3 Nd7 24. Rd1 Ne5 25. Bc2 Rg6
26. g3 Rgf6 27. b3 Nf3+ 0-1

[Event "TIPC 2006"]
[Site "Charleroi BEL"]
[Date "2006.08.01"]
[Round "5"]
[White "Guezennec, Franck"]
[Black "Theuerkauff, Olivier"]
[Result "1-0"]
[ECO "C42"]
[WhiteElo "2152"]
[BlackElo "1875"]
[PlyCount "85"]
[TimeControl "40/7200:3600"]

1. e4 e5 2. Nf3 Nf6 3. Nxe5 d6 4. Nf3 Nxe4 5. Nc3 Nxc3 6.
dxc3 Be7 7. h3 Nc6 8. Be3 a6 9. Qd2 Be6 10. O-O-O Qd7 11. Kb1 O-O-O 12. Nd4
Nxd4 13. Bxd4 Rhg8 14. g4 c5 15. Be3 Qa4 16. b3 Qa5 17. Bg2 Bf6 18. c4 Bc3 19.
Qd3 g5 20. Bc1 Rd7 21. Bb2 Bxb2 22. Kxb2 Rgd8 23. Bd5 b5 24. cxb5 axb5 25. a4
c4 26. Qe4 Qb4 27. Rd4 c3+ 28. Ka2 Qc5 29. b4 Qb6 30. a5 Ra7 31. Bxe6+ fxe6 32.
Kb3 Qc7 33. Qxe6+ Kb8 34. Rhd1 Ra6 35. Qf5 Qc6 36. Qxg5 Rd7 37. Qd5 Qc8 38.
R1d3 Rc6 39. f4 Re7 40. Qxb5+ Rb7 41. Qd5 Rc5 42. Qxd6+ Ka8 43. Qa6+ 1-0

[Event "TIPC 2006"]
[Site "Charleroi BEL"]
[Date "2006.08.01"]
[Round "5"]
[White "Coibion, Charles"]
[Black "Delmont, Jean-Robert"]
[Result "1-0"]
[ECO "B77"]
[WhiteElo "1847"]
[BlackElo "2054"]
[PlyCount "121"]
[TimeControl "40/7200:3600"]

1. e4 c5 2. Nf3 d6 3. d4 cxd4 4. Nxd4 Nf6 5. Nc3 g6 6. Be3
Bg7 7. f3 O-O 8. Qd2 Nc6 9. Bc4 Nd7 10. O-O-O Nb6 11. Bb3 Na5 12. Qd3 Nxb3+ 13.
axb3 d5 14. exd5 Nxd5 15. Ndb5 e6 16. Nxd5 exd5 17. Qxd5 Qa5 18. Na3 Qa6 19.
Kb1 Qe2 20. Qd2 Qa6 21. Bh6 Qf6 22. Bxg7 Kxg7 23. Rhe1 Be6 24. Qc3 a6 25. Rd6
Rac8 26. Qxf6+ Kxf6 27. Red1 Ke7 28. Nc4 h5 29. h4 Rc7 30. Ne3 Rfc8 31. b4 Rc6
32. Rxc6 Rxc6 33. c3 Bb3 34. Rd3 Rd6 35. Rxd6 Kxd6 36. Nc2 Ke5 37. Nd4 Bc4 38.
g3 f6 39. Kc2 g5 40. b3 Bf1 41. Kd2 gxh4 42. gxh4 Kf4 43. Ke1 Bd3 44. Kf2 b6
45. Ne6+ Ke5 46. Ke3 Bc2 47. Nd4 Bg6 48. f4+ Kd6 49. c4 Bh7 50. Kd2 Bg6 51. Kc3
Bh7 52. Ne2 Be4 53. Ng3 Bf3 54. Kd4 Kc6 55. Ne4 f5 56. Ng3 Bg4 57. Ke5 a5 58.
bxa5 bxa5 59. Nxf5 Kc5 60. Nd4 Kb4 61. f5 1-0

[Event "TIPC 2006"]
[Site "Charleroi BEL"]
[Date "2006.08.01"]
[Round "5"]
[White "Charlier, Pascal"]
[Black "Bruno, Ricardo"]
[Result "0-1"]
[ECO "D12"]
[WhiteElo "1548"]
[BlackElo "1892"]
[PlyCount "54"]
[TimeControl "40/7200:3600"]

1. d4 d5 2. e3 Bf5 3. Nf3 Nf6 4. c4 c6 5. Nc3 e6 6.
cxd5 exd5 7. Qb3 Qc7 8. Bd2 Nbd7 9. Rc1 Qb8 10. Na4 Bd6 11. Nc5 Nxc5 12. dxc5
Be7 13. Bc3 O-O 14. Be5 Qc8 15. Bd3 Ne4 16. Bd4 Re8 17. Qc2 Qe6 18. b4 Qg6 19.
Rg1 Bf6 20. Bxf6 Qxf6 21. Nd4 Bg6 22. Qe2 Qe7 23. Bb1 a5 24. b5 cxb5 25. Bxe4
Qxe4 26. Nxb5 Qb4+ 27. Nc3 d4 0-1

[Event "TIPC 2006"]
[Site "Charleroi BEL"]
[Date "2006.08.01"]
[Round "5"]
[White "Chung Choong Lon, Marc"]
[Black "Deboulle, Patrick"]
[Result "0-1"]
[ECO "B01"]
[WhiteElo "1775"]
[BlackElo "1451"]
[PlyCount "112"]
[TimeControl "40/7200:3600"]

1. e4 d5 2. Nc3 d4 3. Nce2 e5 4. d3 Nf6 5. f4 Bd6 6. g3 Nc6 7. Nf3 Bg4 8. Bg2
Qd7 9. h3 Bxf3 10. Bxf3 O-O-O 11. g4 Kb8 12. f5 h6 13. Ng3 Nh7 14. h4 Ne7 15.
a3 f6 16. Bd2 c5 17. Qb1 Nc6 18. Ne2 Rc8 19. Nc1 b6 20. c4 Qb7 21. b4 a6 22. b5
Na7 23. bxa6 Qxa6 24. a4 Rc7 25. Qa2 Nc6 26. Qb1 Rb7 27. Na2 Kc7 28. g5 Nf8 29.
g6 Nd7 30. Qb5 Ra8 31. Bd1 Qxb5 32. cxb5 Na5 33. Rc1 Kd8 34. Rg1 Ke7 35. Rb1
Kf8 36. Nc1 Be7 37. Nb3 Bd8 38. Nxa5 bxa5 39. Bxh6 Bb6 40. Bb3 c4 41. Bxc4 Nc5
42. Ra1 gxh6 43. Bd5 Kg7 44. Bxb7 Nxb7 45. Kd2 Nc5 46. Ra3 Rc8 47. Rc1 Rc7 48.
Rc4 Rc8 49. Ra1 Nb3+ 50. Kc2 Nxa1+ 51. Kb2 Rxc4 52. dxc4 d3 53. Kc3 d2 54. Kxd2
Nb3+ 55. Kd3 Nc5+ 56. Kc3 Nxe4+ 0-1

[Event "TIPC 2006"]
[Site "Charleroi BEL"]
[Date "2006.08.02"]
[Round "6"]
[White "Terrieux, Kevin"]
[Black "Leitao, Rafael"]
[Result "0-1"]
[ECO "E20"]
[WhiteElo "2343"]
[BlackElo "2598"]
[PlyCount "67"]
[TimeControl "40/7200:3600"]

1. d4 Nf6 2. c4 e6 3. Nc3 Bb4 4. f3 O-O 5. a3 Bxc3+
6. bxc3 Ne8 7. e4 b6 8. Bd3 Ba6 9. f4 Nc6 10. Nf3 Na5 11. Qe2 f5 12. e5 d5 13.
exd6 Nxd6 14. Ne5 Nf7 15. O-O Nxe5 16. fxe5 Qd7 17. Rb1 Rf7 18. g4 Qc6 19. gxf5
Bxc4 20. fxe6 Rxf1+ 21. Qxf1 Qxe6 22. Bf5 Qe7 23. Qh3 g6 24. Qg2 Rf8 25. Bg5
Qxa3 26. Be4 Qxc3 27. Rd1 c6 28. Bh6 Rf7 29. Bxg6 hxg6 30. Qxg6+ Kh8 31. Bg5
Qf3 32. Bf6+ Rxf6 33. exf6 Qxd1+ 34. Kg2 0-1

[Event "TIPC 2006"]
[Site "Charleroi BEL"]
[Date "2006.08.02"]
[Round "6"]
[White "Eliet, Nicolas"]
[Black "Laurent, Bruno"]
[Result "1/2-1/2"]
[ECO "A28"]
[WhiteElo "2427"]
[BlackElo "2404"]
[PlyCount "32"]
[TimeControl "40/7200:3600"]

1. c4 e5 2. Nc3 Nf6 3. Nf3 Nc6 4. e3 g6 5. d4 d6 6.
Be2 Bg7 7. dxe5 Nxe5 8. Nxe5 dxe5 9. Qxd8+ Kxd8 10. b3 Bg4 11. Bb2 Bxe2 12.
Kxe2 c6 13. Na4 Nd7 14. Rad1 Kc7 15. Rd2 Rad8 16. Rhd1 Rhe8 1/2-1/2

[Event "TIPC 2006"]
[Site "Charleroi BEL"]
[Date "2006.08.02"]
[Round "6"]
[White "Hanley, Craig"]
[Black "Mohandesi, Shahin"]
[Result "1-0"]
[ECO "D35"]
[WhiteElo "2419"]
[BlackElo "2253"]
[PlyCount "87"]
[TimeControl "40/7200:3600"]

1. d4 d5 2. c4 e6 3. Nc3 Nf6 4. cxd5 exd5 5. Bf4 Bd6 6. Bg3 Bxg3 7. hxg3 c6 8.
e3 Bf5 9. Qf3 Bg6 10. Nge2 Qb6 11. O-O-O O-O 12. g4 Nbd7 13. g5 Ne4 14. Nxe4
Bxe4 15. Qh3 Rfd8 16. f3 Bg6 17. f4 Be4 18. Nc3 Nf8 19. Nxe4 dxe4 20. Bc4 c5
21. Qf5 Qc7 22. dxc5 g6 23. Qf6 Rxd1+ 24. Rxd1 Re8 25. b4 Qe7 26. Qxe7 Rxe7 27.
Rd4 h6 28. Bd5 hxg5 29. fxg5 a5 30. a3 axb4 31. axb4 Rc7 32. Rxe4 b6 33. c6 Ne6
34. b5 Nxg5 35. Re8+ Kg7 36. Rb8 Kf6 37. Rxb6 Ke5 38. Rb7 Kd6 39. b6 Rxc6+ 40.
Bxc6 Kxc6 41. Rb8 Ne6 42. Kc2 g5 43. g4 Kb5 44. Rb7 1-0

[Event "TIPC 2006"]
[Site "Charleroi BEL"]
[Date "2006.08.02"]
[Round "6"]
[White "Perez Garcia, Rodney"]
[Black "Van Mechelen, Jan"]
[Result "1/2-1/2"]
[ECO "C00"]
[WhiteElo "2406"]
[BlackElo "2251"]
[PlyCount "39"]
[TimeControl "40/7200:3600"]

1. e4 e6 2. b3 d5 3. Bb2 Nf6 4. e5 Nfd7 5. f4 c5 6.
Nf3 Nc6 7. g3 Be7 8. Bh3 b6 9. O-O Qc7 10. Qe2 g6 11. Nc3 a6 12. Rae1 Nd4 13.
Qd1 Nxf3+ 14. Qxf3 Bb7 15. Bg2 O-O-O 16. Nd1 Nb8 17. d4 Nc6 18. dxc5 Bxc5+ 19.
Nf2 h5 20. h4 1/2-1/2

[Event "TIPC 2006"]
[Site "Charleroi BEL"]
[Date "2006.08.02"]
[Round "6"]
[White "Dal Borgo, Albin"]
[Black "Kadimova, Ilaha"]
[Result "1/2-1/2"]
[ECO "D13"]
[WhiteElo "2128"]
[BlackElo "2330"]
[PlyCount "35"]
[TimeControl "40/7200:3600"]

1. d4 c6 2. c4 d5 3. cxd5 cxd5 4. Nc3 Nf6 5. Nf3 Nc6
6. Bf4 a6 7. a3 Bf5 8. e3 e6 9. Be2 Nd7 10. Nd2 Be7 11. b4 O-O 12. O-O b5 13.
Nb3 Nb6 14. Nc5 Nc4 15. Re1 Ra7 16. Qb3 Nd2 17. Qb2 Nc4 18. Qb3 1/2-1/2

[Event "TIPC 2006"]
[Site "Charleroi BEL"]
[Date "2006.08.02"]
[Round "6"]
[White "Foisor, Sabina-Francesca"]
[Black "Bolzoni, Victor-Angel"]
[Result "1-0"]
[ECO "A53"]
[WhiteElo "2292"]
[BlackElo "2170"]
[PlyCount "81"]
[TimeControl "40/7200:3600"]

1. d4 Nf6 2. c4 d6 3. Nc3 Nbd7 4. Bg5 e5 5. e3 Be7
6. Qc2 c6 7. Bd3 Qa5 8. Bh4 a6 9. Nge2 exd4 10. exd4 Nf8 11. O-O-O g5 12. Bg3
Be6 13. h4 Nh5 14. hxg5 Nxg3 15. Nxg3 Bxg5+ 16. Kb1 O-O-O 17. d5 Bd7 18. Rh5 f6
19. f4 Be8 20. fxg5 Bxh5 21. Nxh5 fxg5 22. Bf5+ Kb8 23. dxc6 bxc6 24. Ng3 h5
25. Be4 Kc7 26. Nf5 Nd7 27. Nd4 Ne5 28. Ne6+ Kc8 29. Bf5 Kb7 30. Nxd8+ Rxd8 31.
Ne4 Nxc4 32. Qxc4 Qxf5 33. Ka1 d5 34. Qb4+ Ka8 35. Qb6 Qc8 36. Nc5 Re8 37. Nxa6
Re7 38. Nb4 Rb7 39. Qa6+ Kb8 40. Nxc6+ Kc7 41. Rc1 1-0

[Event "TIPC 2006"]
[Site "Charleroi BEL"]
[Date "2006.08.02"]
[Round "6"]
[White "Demanghon, Jonathan"]
[Black "Maes, Wim"]
[Result "1/2-1/2"]
[ECO "E84"]
[WhiteElo "2160"]
[BlackElo "2287"]
[PlyCount "56"]
[TimeControl "40/7200:3600"]

1. d4 Nf6 2. c4 g6 3. Nc3 Bg7 4. e4 d6 5. f3 O-O 6.
Nge2 Nc6 7. Be3 a6 8. Qd2 Rb8 9. Rc1 Bd7 10. Nd1 e5 11. d5 Ne7 12. g3 c5 13. b4
b6 14. Nf2 Ne8 15. Bg2 f5 16. O-O Nf6 17. Rb1 Qc7 18. Rfc1 Kh8 19. Rc2 Neg8 20.
Rcb2 Nh5 21. Nd3 Ngf6 22. Nc3 Kg8 23. a4 fxe4 24. Nxe4 Nxe4 25. fxe4 Bxa4 26.
Ra2 Bd7 27. Rxa6 Nf6 28. Nf2 Rfc8 1/2-1/2

[Event "TIPC 2006"]
[Site "Charleroi BEL"]
[Date "2006.08.02"]
[Round "6"]
[White "Denayer, Eric"]
[Black "Giadrosic, Dinko"]
[Result "1-0"]
[ECO "A41"]
[WhiteElo "2279"]
[BlackElo "2059"]
[PlyCount "123"]
[TimeControl "40/7200:3600"]

1. Nf3 d6 2. d4 Bg4 3. e4 Nf6 4. Bd3 Nbd7 5. h3 Bh5
6. g4 Bg6 7. Qe2 e5 8. Bg5 Be7 9. Nbd2 c6 10. dxe5 Nxe5 11. Nxe5 dxe5 12. O-O-O
h6 13. Be3 Nh7 14. Nf3 Qa5 15. Kb1 O-O-O 16. Bd2 Qc7 17. Nxe5 Qxe5 18. f4 Qc7
19. f5 Nf8 20. fxg6 Nxg6 21. Qf2 Ne5 22. Bc3 Kb8 23. Be2 Bf6 24. Bd4 b6 25. c3
c5 26. Be3 Bg5 27. Bxg5 hxg5 28. Rd5 Rxd5 29. exd5 c4 30. Qe3 f6 31. Rd1 Qd6
32. Bf1 b5 33. Qe4 g6 34. Bg2 Rf8 35. Rf1 Kc7 36. a3 Rf7 37. Qd4 Kb8 38. Be4
Rh7 39. Qe3 Re7 40. Qd4 Rh7 41. Qe3 Re7 42. Qg3 Kc7 43. Qf2 a6 44. Qxf6 Nxg4
45. Qd4 Rxe4 46. Qxe4 Nf6 47. Qxg6 Nxd5 48. Qh7+ Kb6 49. Qe4 Nf4 50. h4 Ne6 51.
hxg5 Ka5 52. g6 Nc5 53. Qc2 Ne6 54. Rg1 Qc5 55. Qg2 Qf5+ 56. Ka2 Nf4 57. Qf2
Qe4 58. Qxf4 Qxf4 59. g7 Qf2 60. g8=Q Qc2 61. Qd8+ Ka4 62. Qd1 1-0

[Event "TIPC 2006"]
[Site "Charleroi BEL"]
[Date "2006.08.02"]
[Round "6"]
[White "Gharamian, Tigran"]
[Black "Charlier, Laurent"]
[Result "1-0"]
[ECO "B01"]
[WhiteElo "2460"]
[BlackElo "2007"]
[PlyCount "103"]
[TimeControl "40/7200:3600"]

1. e4 d5 2. exd5 Qxd5 3. Nc3 Qd8 4. d4 Nf6 5. h3 Bf5
6. Nf3 Nc6 7. d5 Nb4 8. Nd4 Be4 9. Nxe4 Nxe4 10. Bb5+ c6 11. dxc6 bxc6 12. Nxc6
Qxd1+ 13. Kxd1 a6 14. Ba4 Nc5 15. Nxb4+ Nxa4 16. Nd3 g6 17. Re1 Bg7 18. Re4 Nb6
19. c3 e6 20. Kc2 O-O 21. Bf4 Rfe8 22. Rae1 a5 23. Be5 Bf8 24. Bd4 Nd5 25. Nf4
Nc7 26. Be5 Na6 27. Rc4 Nc5 28. Rd1 Rac8 29. Bd6 e5 30. Nd5 Re6 31. Nb6 Rd8 32.
Bxf8 Rxd1 33. Bxc5 Rd8 34. Ra4 f5 35. Rxa5 f4 36. Ra8 Ree8 37. Rxd8 Rxd8 38. a4
e4 39. a5 g5 40. a6 h5 41. a7 g4 42. hxg4 h4 43. Be7 f3 44. gxf3 h3 45. Bxd8 h2
46. a8=Q h1=Q 47. Be7+ Kh7 48. Qxe4+ Kg7 49. Qe5+ Kh7 50. Qf5+ Kh8 51. Qf8+ Kh7
52. Qf7+ 1-0

[Event "TIPC 2006"]
[Site "Charleroi BEL"]
[Date "2006.08.02"]
[Round "6"]
[White "Van Uytven, Eric"]
[Black "Plachetka, Jan"]
[Result "1/2-1/2"]
[ECO "D91"]
[WhiteElo "2167"]
[BlackElo "2427"]
[PlyCount "84"]
[TimeControl "40/7200:3600"]

1. d4 Nf6 2. c4 g6 3. Nc3 d5 4. Nf3 Bg7 5. Bg5 Ne4
6. cxd5 Nxg5 7. Nxg5 e6 8. Nf3 exd5 9. b4 O-O 10. e3 Be6 11. Bd3 Nd7 12. O-O
Qe7 13. b5 f5 14. Re1 Kh8 15. a4 Rad8 16. Qc2 Nf6 17. Ne5 Ng4 18. f4 Nxe5 19.
dxe5 Qc5 20. a5 d4 21. Na4 Qxc2 22. Bxc2 b6 23. Nb2 dxe3 24. Rxe3 Rd2 25. Bb3
Bd7 26. Rd1 Rxd1+ 27. Nxd1 Bxb5 28. Nc3 Ba6 29. Nd5 c5 30. axb6 axb6 31. Nxb6
Rd8 32. g3 Bf8 33. Bc4 Bb7 34. Rd3 Rd4 35. Kf2 Be4 36. Rxd4 cxd4 37. Ke2 Kg7
38. Nd7 Be7 39. Bb5 g5 40. Bc4 h5 41. fxg5 Bxg5 42. Nc5 h4 1/2-1/2

[Event "TIPC 2006"]
[Site "Charleroi BEL"]
[Date "2006.08.02"]
[Round "6"]
[White "Vandevoort, Pascal"]
[Black "Hoffmeister, Frank"]
[Result "1/2-1/2"]
[ECO "D00"]
[WhiteElo "2388"]
[BlackElo "2114"]
[PlyCount "107"]
[TimeControl "40/7200:3600"]

1. d4 d5 2. Bf4 Nf6 3. e3 Bf5 4. c4 c6 5. Nc3 e6 6.
Qb3 Qc8 7. Rc1 Nbd7 8. cxd5 Nxd5 9. Bg3 Nxc3 10. Rxc3 a5 11. a3 a4 12. Qd1 Be7
13. f3 O-O 14. Ne2 Nb6 15. Bf2 Nd5 16. Rc1 Bd8 17. e4 Ba5+ 18. Nc3 Nxc3 19.
bxc3 Bg6 20. Bd3 b5 21. O-O Qd7 22. Qc2 f6 23. Rfd1 Rfc8 24. Qb2 Be8 25. Be2
Bc7 26. c4 Rab8 27. c5 Bf7 28. Qd2 Rd8 29. f4 e5 30. fxe5 fxe5 31. d5 cxd5 32.
Bh4 d4 33. Bxd8 Qxd8 34. Rf1 Ba5 35. Qd3 Bc3 36. Rxc3 dxc3 37. Qxc3 Qd4+ 38.
Qxd4 exd4 39. Rc1 b4 40. axb4 Rxb4 41. c6 Be6 42. c7 Bc8 43. h3 d3 44. Bxd3 a3
45. Rb1 Rxb1+ 46. Bxb1 Kf7 47. Kf2 Ke6 48. Ke3 Ke5 49. h4 Bb7 50. g4 h6 51. g5
hxg5 52. hxg5 Bc8 53. Ba2 Ba6 54. Bd5 1/2-1/2

[Event "TIPC 2006"]
[Site "Charleroi BEL"]
[Date "2006.08.02"]
[Round "6"]
[White "Hanley, James L."]
[Black "Vanderwaeren, Serge"]
[Result "1-0"]
[ECO "B03"]
[WhiteElo "2155"]
[BlackElo "2256"]
[PlyCount "135"]
[TimeControl "40/7200:3600"]

1. e4 Nf6 2. e5 Nd5 3. d4 d6 4. c4 Nb6 5. exd6 cxd6 6.
Nc3 g6 7. Be3 Bg7 8. Rc1 d5 9. c5 Nc4 10. Bxc4 dxc4 11. Nf3 O-O 12. O-O Bg4 13.
h3 Bxf3 14. Qxf3 Nc6 15. Ne2 Qa5 16. a3 Qb5 17. Qd5 c3 18. Nxc3 Qxb2 19. Qc4
Rfd8 20. d5 Ne5 21. Qa4 b5 22. Nxb5 Nd3 23. Rc2 Qe5 24. c6 a6 25. c7 Rdc8 26.
Na7 Rxc7 27. Rxc7 Qxc7 28. Nc6 e6 29. dxe6 fxe6 30. Qe4 Re8 31. Rd1 Ne5 32. Rc1
Qb7 33. Bd4 Nxc6 34. Bxg7 Kxg7 35. Qxc6 Qb5 36. Qc7+ Kg8 37. Rd1 Qb8 38. Qxb8
Rxb8 39. Rd6 Kf7 40. Rxa6 Rb1+ 41. Kh2 Kf6 42. h4 Kf5 43. Ra5+ e5 44. g3 Rb2
45. Kg2 h6 46. Ra6 e4 47. Ra5+ Kf6 48. Kf1 g5 49. Ra6+ Kg7 50. h5 Rb1+ 51. Ke2
Rh1 52. Rb6 Rxh5 53. Ke3 Rh1 54. Kxe4 Ra1 55. Ra6 Rf1 56. Kf3 h5 57. a4 Ra1 58.
a5 Ra2 59. Ra8 h4 60. gxh4 gxh4 61. a6 h3 62. Kg3 h2 63. Kxh2 Rxf2+ 64. Kg3 Rf1
65. Kg4 Kh7 66. Kg5 Kg7 67. Ra7+ Kf8 68. Rb7 1-0

[Event "TIPC 2006"]
[Site "Charleroi BEL"]
[Date "2006.08.02"]
[Round "6"]
[White "Parys, Pierre"]
[Black "Hovhanisian, Mher"]
[Result "0-1"]
[ECO "C00"]
[WhiteElo "2000"]
[BlackElo "2359"]
[PlyCount "64"]
[TimeControl "40/7200:3600"]

1. e4 e6 2. Qe2 Be7 3. g3 d5 4. d3 Nf6 5. Bg2 c5 6. Nf3
Nc6 7. O-O O-O 8. h3 b6 9. Nc3 Ba6 10. e5 Nd7 11. h4 Nd4 12. Nxd4 cxd4 13. Qg4
dxc3 14. Bh6 g6 15. Bxf8 Bxf8 16. f4 cxb2 17. Rab1 Bc5+ 18. Kh2 h5 19. Qe2 Rc8
20. Rxb2 Ba3 21. Rb3 Bf8 22. Bf3 Qc7 23. Rf2 Qc5 24. Rg2 Qa5 25. g4 Qa4 26. Qd2
Bh6 27. Rb4 Qa5 28. g5 Bf8 29. Rb2 Qa3 30. c4 dxc4 31. dxc4 Qxf3 32. Qxd7 Qxf4+
0-1

[Event "TIPC 2006"]
[Site "Charleroi BEL"]
[Date "2006.08.02"]
[Round "6"]
[White "Both, Erik"]
[Black "Scoriels, Michael"]
[Result "1-0"]
[ECO "A48"]
[WhiteElo "2286"]
[BlackElo "2131"]
[PlyCount "69"]
[TimeControl "40/7200:3600"]

1. d4 Nf6 2. Nf3 g6 3. Bf4 Bg7 4. e3 O-O 5. Be2 d6 6.
h3 Nbd7 7. c3 Ne4 8. Nbd2 Nxd2 9. Nxd2 e5 10. Bh2 Nb6 11. a4 a5 12. O-O Be6 13.
Bf3 c6 14. Qc2 Qe7 15. dxe5 dxe5 16. Rfe1 Rfd8 17. Be2 Rd7 18. Bg3 f5 19. Nf3
Bf7 20. Bh4 Bf6 21. Bxf6 Qxf6 22. b4 Nd5 23. bxa5 Rxa5 24. c4 Nc7 25. Qc3 Rc5
26. Red1 Re7 27. Nd2 Nd5 28. Qa3 Ra5 29. cxd5 Bxd5 30. Bc4 Qg5 31. Bxd5+ cxd5
32. Nb3 f4 33. exf4 exf4 34. Nxa5 Rf7 35. Qf3 1-0

[Event "TIPC 2006"]
[Site "Charleroi BEL"]
[Date "2006.08.02"]
[Round "6"]
[White "Russo, Julien"]
[Black "Di Cosmo, Jonathan"]
[Result "1-0"]
[ECO "C05"]
[WhiteElo "2145"]
[BlackElo "1941"]
[PlyCount "89"]
[TimeControl "40/7200:3600"]

1. e4 e6 2. d4 d5 3. Nd2 Nf6 4. e5 Nfd7 5. f4 c5 6.
c3 Nc6 7. Ndf3 Qb6 8. a3 a5 9. b3 Be7 10. h4 f6 11. Bd3 cxd4 12. cxd4 f5 13.
Ne2 O-O 14. Kf2 Qd8 15. Be3 Nb6 16. h5 a4 17. b4 Nc4 18. Bxc4 dxc4 19. Qc2 b5
20. Nc3 Rb8 21. Qb2 Qe8 22. Rad1 Bd8 23. d5 exd5 24. Nxd5 Ne7 25. h6 Nxd5 26.
Rxd5 Be6 27. Rd2 Qg6 28. Rh3 Rf7 29. Bc5 Kh8 30. Nd4 Rd7 31. Bf8 Bb6 32. Bxg7+
Rxg7 33. hxg7+ Qxg7 34. Rg3 Qa7 35. Kf1 Bxd4 36. Qxd4 Qc7 37. Qd6 Qxd6 38. Rxd6
Re8 39. Ke2 h6 40. Rg6 Bf7 41. Rxh6+ Kg7 42. Kd2 Rd8 43. Rxd8 Kxh6 44. Rb8 Bd5
45. g3 1-0

[Event "TIPC 2006"]
[Site "Charleroi BEL"]
[Date "2006.08.02"]
[Round "6"]
[White "Krasucki, Youri"]
[Black "Leloutre, Bernard"]
[Result "1-0"]
[ECO "A02"]
[WhiteElo "2048"]
[BlackElo "1935"]
[PlyCount "75"]
[TimeControl "40/7200:3600"]

1. f4 e6 2. Nf3 d5 3. e3 c5 4. b3 Nc6 5. Bb5 Bd7 6.
Bb2 Nf6 7. O-O Be7 8. d3 O-O 9. Bxc6 Bxc6 10. Ne5 Rc8 11. Nd2 Nd7 12. Ndf3 f6
13. Nxc6 Rxc6 14. e4 d4 15. Qe2 g5 16. Bc1 g4 17. Nd2 f5 18. Nc4 Qe8 19. exf5
exf5 20. Re1 Rf7 21. a4 Qf8 22. Ba3 b6 23. g3 Bd8 24. Qg2 Rcf6 25. Qd5 Kg7 26.
Ne5 Nxe5 27. fxe5 Rg6 28. e6 Re7 29. Re5 Rf6 30. Rf1 Kg6 31. b4 Bc7 32. Re2 Qd8
33. Qxd8 Bxd8 34. Rfe1 cxb4 35. Bxb4 Re8 36. Bd6 Be7 37. Be5 Rff8 38. Bxd4 1-0

[Event "TIPC 2006"]
[Site "Charleroi BEL"]
[Date "2006.08.02"]
[Round "6"]
[White "Wantiez, Fabrice"]
[Black "Russo, Bruno"]
[Result "1-0"]
[ECO "B77"]
[WhiteElo "2265"]
[BlackElo "1980"]
[PlyCount "89"]
[TimeControl "40/7200:3600"]

1. e4 c5 2. Nf3 d6 3. d4 cxd4 4. Nxd4 Nf6 5. Nc3 g6 6. Be3 Bg7 7. f3 O-O 8. Qd2
Nc6 9. Bc4 Bd7 10. Bb3 Na5 11. Bh6 Bxh6 12. Qxh6 e5 13. Nde2 Nxb3 14. cxb3 b5
15. O-O-O b4 16. Nd5 Nxd5 17. Rxd5 Be6 18. Rd3 Rc8+ 19. Kb1 Rc6 20. h4 Ra6 21.
h5 g5 22. f4 exf4 23. g3 f3 24. Nd4 Qa5 25. a4 Qe5 26. Nxf3 Qxe4 27. Qxg5+ Kh8
28. Qf6+ Kg8 29. Rhd1 Qf5 30. Qh4 Qg4 31. Qf6 Qf5 32. Qh4 Qg4 33. Qf6 Qf5 34.
Qd4 Qc5 35. Qh4 Qf5 36. g4 Qf4 37. Nd4 Qe4 38. Qg5+ Kh8 39. Qf6+ Kg8 40. Nf5
Bxf5 41. gxf5 Qg4 42. Rd4 Qg7 43. Qh4 Kh8 44. h6 Qe5 45. Rd5 1-0

[Event "TIPC 2006"]
[Site "Charleroi BEL"]
[Date "2006.08.02"]
[Round "6"]
[White "Marville, Grégoire"]
[Black "Guezennec, Franck"]
[Result "1/2-1/2"]
[ECO "B33"]
[WhiteElo "1975"]
[BlackElo "2152"]
[PlyCount "120"]
[TimeControl "40/7200:3600"]

1. e4 c5 2. Nf3 Nc6 3. d4 cxd4 4. Nxd4 Nf6 5. Nc3 e5 6. Ndb5 d6 7. Bg5 a6 8.
Na3 b5 9. Nd5 Qa5+ 10. Bd2 Qd8 11. Bg5 Be7 12. Bxf6 Bxf6 13. c3 Rb8 14. Nc2 Bg5
15. a4 bxa4 16. Ncb4 Nxb4 17. Nxb4 O-O 18. Qxa4 Bb7 19. Bd3 f5 20. O-O fxe4 21.
Bxa6 e3 22. Bxb7 exf2+ 23. Kh1 Rxb7 24. Qc2 Rbf7 25. Rad1 Kh8 26. Qd3 Rf6 27.
Nd5 Rh6 28. Qe2 Bh4 29. Rd3 Qg5 30. Rf3 Re8 31. Qb5 Rg8 32. Qd3 Qh5 33. Ne3 Bg5
34. Rh3 e4 35. Rxh5 exd3 36. Rxg5 Re6 37. g3 Rxe3 38. Kg2 Rf8 39. Rd5 Rf6 40.
b4 Kg8 41. b5 Re2 42. Rxd3 Rb2 43. c4 Kf7 44. Rdd1 Ke6 45. Rb1 Rc2 46. b6 Rf8
47. b7 Rb8 48. Rb4 Kd7 49. Rxf2 Rxf2+ 50. Kxf2 Kc6 51. Rb5 Rxb7 52. Rxb7 Kxb7
53. Ke3 Kb6 54. Kd4 Kc6 55. h3 g5 56. Kd3 Kc5 57. Kc3 h6 58. Kd3 d5 59. cxd5
Kxd5 60. g4 Ke5 1/2-1/2